 Dungeon Crawl Stone Soup version 0.31-a0-667-g39726597b9 (webtiles) character file.

Game seed: 315269529770373624

27 Xavori the Cutter (level 3, -3/26 HPs)
             Began as an Octopode Chaos Knight on Sept 3, 2023.
             Was a Plaything of Xom.
             Killed from afar by a white imp (13 damage)
             ... with a puff of frost
             ... summoned by Xom
             ... on level 2 of the Dungeon.
             The game lasted 00:01:31 (5690 turns).

Xavori the Cutter (Octopode Chaos Knight)           Turns: 5690, Time: 00:01:32

Health: -3/26      AC:  1    Str: 11      XL:     3   Next: 10%
Magic:  3/3        EV: 13    Int: 13 (14) God:    Xom [.*....]
Gold:   26         SH:  0    Dex: 13      Spells: 2/2 levels left

rFire   + . .        a - +0 short sword (chaos)
rCold   . . .        (no shield)
rNeg    . . .        (helmet restricted)
rPois   .            (no amulet)
rElec   .            j - ring of protection from fire
rCorr   .            (no ring)
SInv    .            (no ring)
Will    .....        (no ring)
Stlth   +++          (no ring)
HPRegen 0.24/turn    (no ring)
MPRegen 0.08/turn    (no ring)
                     (no ring)

%: no passive effects
@: no status effects
A: almost no armour, amphibious, 8 rings, camouflage 1, gelatinous body 1,
(nimble swimmer 1), tentacles
a: Renounce Religion


You were on level 2 of the Dungeon.
You worshipped Xom.
You were a plaything of Xom.
You visited 1 branch of the dungeon, and saw 2 of its levels.

You collected 26 gold pieces.

Inventory:

Hand Weapons
 a - a +0 short sword of chaos (weapon)
Jewellery
 j - a ring of protection from fire (left tentacle)
Scrolls
 b - a scroll of butterflies
 d - a scroll of revelation {unknown}
 f - a scroll of blinking {unknown}
 h - a scroll of teleportation {unknown}
 i - 2 scrolls of identify {unknown}
Potions
 c - a potion of might {unknown}
 e - a potion of curing {unknown}
 g - 2 potions of haste {unknown}


   Skills:
 + Level 3.4 Fighting
 + Level 3.4 Short Blades
 + Level 2.5 Dodging
 + Level 1.1 Stealth


You had 2 spell levels left.
You didn't know any spells.
Your spell library was empty.

Dungeon Overview and Level Annotations

Branches:
Dungeon (2/15)

Altars:

Shops:
D:1 =((=


Innate Abilities, Weirdness & Mutations

You cannot wear most types of armour.
You are amphibious.
You can wear up to eight rings at the same time.
Your skin changes colour to match your surroundings (Stealth+).
Your rubbery body absorbs attacks. (AC +1, EV +1)
((You are camouflaged when in or above water. (Stealth+)))
You have tentacles for arms and can constrict up to eight enemies at once.


Message History

You start waiting.
You start waiting.
You start waiting.
You start waiting.
You start waiting.
You start waiting.
You start waiting.
You start waiting.
You start waiting.
You start waiting. "Time to have some fun!"
There are monsters nearby!
There are monsters nearby!
There are monsters nearby!
There are monsters nearby!
There are monsters nearby!
There are monsters nearby!
There are monsters nearby!
There are monsters nearby!
There are monsters nearby!
The ufetubus hits you. x2
The white imp lashes its tail.
You climb downwards. "Let's see if it's strong enough to survive yet."
There is a stone staircase leading up here.
There are monsters nearby!
There are monsters nearby!
You climb upwards.
The ufetubus closely misses you. x3; The ufetubus hits you.
The white imp gestures at you. The puff of frost hits you!
There is a stone staircase leading down, spattered with blood here.
The ufetubus misses you. The ufetubus closely misses you.
The ufetubus misses you. The ufetubus closely misses you.
You climb downwards.
The quasit closely misses you.
The quasit claws you but does no damage.
The quasit claws you. The white imp gestures at you.
The puff of frost hits you!
Ouch! That really hurt!
You die...

# ###
.#
..##.
#5#.
#?.
#.#
#@#
#5#
...
...##
#.###
..
...
###


You could see a quasit (summoned) and a white imp (summoned).

Vanquished Creatures
  A dart slug (D:1)
  3 bats (D:1)
  2 endoplasms (D:1)
  3 goblins (D:1)
  3 hobgoblins (D:1)
  A quokka (D:1)
  3 ball pythons (D:1)
  2 frilled lizards (D:1)
  2 kobolds (D:1)
  4 rats (D:1)
24 creatures vanquished.

Notes
Turn   | Place    | Note
-------+----------+-------------------------------------------
     0 | D:1      | Xavori the Octopode Chaos Knight began the quest for the
                  | Orb.
     0 | D:1      | Reached XP level 1. HP: 16/16 MP: 1/1
    99 | D:1      | XOM: silly message
   102 | D:1      | Reached XP level 2. HP: 21/21 MP: 2/2
   204 | D:1      | Found Vywnu's Weapon Emporium.
   248 | D:1      | Found Ryathrydu's Jewellery Emporium.
   454 | D:1      | Reached XP level 3. HP: 26/26 MP: 3/3
   488 | D:1      | Reached skill level 1 in Stealth
   506 | D:1      | Found Loatus's Jewellery Boutique.
   538 | D:1      | Found Giyv Kai's Antique Weapon Shop.
  1114 | D:1      | XOM: cloud trail
  1307 | D:1      | XOM: silly message
  1470 | D:1      | XOM is BORED!
  1799 | D:1      | XOM: silly message
  1949 | D:1      | XOM: divination: detect items
  3584 | D:1      | XOM: noise
  3802 | D:1      | XOM: silly message
  4172 | D:1      | XOM: noise
  4816 | D:1      | XOM is BORED!
  4816 | D:1      | XOM: torment (14/26 hp)
  4970 | D:1      | XOM: stat loss: -1 Int (13/14)
  5684 | D:1      | XOM: summons 2 hostile demons
  5686 | D:2      | XOM: summons 2 hostile demons
  5690 | D:2      | Killed from afar by a white imp

Illustrated notes

Levels and vault maps discovered:
D:1:      mrwooster_arrival_arrow, layout_loops_ring, serial_shops,
          nicolae_shop_stone, shop, shop_fountains, shop
D:2:      layout_loops_corners, shapermc_ecumenical_altar_mp_vishouse,
          serial_shops, shop, serial_rivers, chequers_serial_rivers_large_a,
          chequers_serial_rivers_room_b, chequers_serial_rivers_micro_d,
          chequers_serial_rivers_micro_c, chequers_serial_rivers_micro_c,
          chequers_serial_rivers_micro_b, minivault_26, minmay_nonomino_d4

Skill      XL: |  1  2  3 |
---------------+----------+-----
Stealth        | 1 |  1.1
Fighting       | |  3.4
Short Blades   | |  3.4
Dodging        | |  2.5

Action                     || total
---------------------------++-------
  Melee: Short sword       ||    34
         Tentacles         ||     5
         Constrict         ||     6
   Stab: Sleeping          ||     6
 Armour: Skin              ||    19
  Dodge: Dodged            ||    28

Table legend: (Time is in decaauts)
 A = Elapsed time spent in this place.
 B = Non-inter-level travel time spent in this place.
 C = Inter-level travel time spent in this place.
 D = Time resting spent in this place.
 E = Time spent auto-exploring this place.
 F = Levels seen in this place.
 G = Mean time per level.
                   A        B        C        D        E       F      G
               +--------+--------+--------+--------+--------+-----+--------+
         Total |   5685 |   5652 |     33 |   4921 |    594 |   2 | 2842.5 |
       Dungeon |   5685 |   5652 |     33 |   4921 |    594 |   2 | 2842.5 |
               +--------+--------+--------+--------+--------+-----+--------+

Top non-repeatable levels by time:
     D:1: 5680 daAuts
     D:2: 4 daAuts
